 Dungeon Crawl Stone Soup version 0.25-a0-731-g0472a16d6a (webtiles) character file.

Game seed: 6186379003436288779, levelgen mode: deterministic

78778 Hastur the Blocker (level 15, -7/132 HPs)
             Began as a Red Draconian Wizard on Apr 8, 2020.
             Was the Champion of Dithmenos.
             Killed from afar by Aizul (31 damage)
             ... with a bolt of poison
             ... on level 1 of the Swamp.
             The game lasted 02:07:39 (42335 turns).

Hastur the Blocker (Red Draconian Wizard)          Turns: 42335, Time: 02:07:40

Health: -7/132     AC: 14    Str: 13    XL:     15   Next: 19%
Magic:  30/38      EV: 18    Int: 23    God:    Dithmenos [******]
Gold:   1754       SH: 15    Dex: 12    Spells: 14/34 levels left

rFire    + . .     SeeInvis .   S - staff of energy
rCold    . . .     Gourm    .   H - +0 kite shield
rNeg     . . .     Faith    .   (armour unavailable)
rPois    .         Spirit   .   R - +2 hat
rElec    .         Reflect  +   Y - scarf {cloud immunity}
rCorr    .         Harm     .   g - +2 pair of gloves
MR       +....                  (no boots)
Stlth    +++.......             e - +3 amulet of reflection
HPRegen  0.32/turn              C - +4 ring of strength
MPRegen  0.26/turn              B - ring of magical power

@: lethally poisoned (-7 -> -57), wreathed by umbra
A: breathe fire, unfitting armour, fire resistance 1, cold-blooded, AC +9
a: Breathe Fire, Shadow Step, Shadow Form, Renounce Religion


You were on level 1 of the Swamp.
You worshipped Dithmenos.
Dithmenos was exalted by your worship.
You were not hungry.

You visited 5 branches of the dungeon, and saw 25 of its levels.

You collected 2114 gold pieces.
You spent 360 gold pieces at shops.

Inventory:

Hand Weapons
 b - a +3 dagger of venom
 F - a +0 trident of venom
 T - a +0 dagger of electrocution
Missiles
 k - 689 stones
 n - 74 poisoned darts (quivered)
 L - 8 curare-tipped darts
Armour
 g - a +2 pair of gloves (worn)
 q - a scarf of resistance
 H - a +0 kite shield (worn)
 R - a +2 hat (worn)
 Y - a scarf of cloud immunity (worn)
Magical Staves
 a - an uncursed staff of earth
 S - an uncursed staff of energy (weapon)
Jewellery
 d - an uncursed ring of ice
 e - a +3 amulet of reflection (around neck)
 B - a ring of magical power (right hand)
 C - a +4 ring of strength (left hand)
 Z - an uncursed amulet of regeneration {unknown}
Wands
 u - a wand of digging (4)
 w - a wand of iceblast (9)
 x - a wand of flame (53)
 M - a wand of enslavement (6)
 O - a wand of disintegration (7)
 Q - a wand of acid (15)
 X - a wand of scattershot (3)
Scrolls
 h - a scroll of fear
 i - 12 scrolls of teleportation
 j - a scroll of immolation
 m - 7 scrolls of remove curse
 o - 3 scrolls of magic mapping
 v - 3 scrolls of noise
 y - 3 scrolls of fog
 D - 3 scrolls of enchant weapon
 G - 2 scrolls of holy word
 N - 2 scrolls of brand weapon
 P - a scroll of amnesia
 U - 2 scrolls of enchant armour
 V - 2 scrolls of blinking
Potions
 f - 5 potions of curing
 l - 4 potions of lignification
 p - a potion of invisibility {unknown}
 r - 2 potions of might
 s - a potion of resistance {unknown}
 t - 8 potions of flight
 z - 2 potions of haste
 A - a potion of mutation
 E - 2 potions of brilliance
 J - 3 potions of cancellation
 W - a potion of heal wounds
Miscellaneous
 K - a box of beasts
Comestibles
 c - 17 rations


   Skills:
 - Level 12.0 Fighting
 - Level 12.0 Dodging
 - Level 1.7 Stealth
 + Level 12.3 Shields
 - Level 10.0 Spellcasting
 - Level 4.0 Conjurations
 - Level 2.3 Summonings
 - Level 3.1 Translocations
 - Level 3.1 Air Magic
 - Level 12.0 Earth Magic
 - Level 5.0 Evocations


You had 14 spell levels left.
You knew the following spells:

 Your Spells              Type           Power        Failure   Level  Hunger
a - Magic Dart            Conj           ####         1%          1    None
b - Call Imp              Summ           ###.....     4%          2    None
c - Mephitic Cloud        Conj/Pois/Air  ###.....     9%          3    None
d - Conjure Flame         Conj/Fire      ###.....     11%         3    None
e - Blink                 Tloc           N/A          3%          2    None
f - Lee's Rapid Deconstr  Erth           ######....   1%          5    None
g - Petrify               Tmut/Erth      #####...     7%          4    None

Your spell library contained the following spells:

 Spells                   Type           Power        Failure   Level  Hunger
 Sandblast                Erth           ######       1%          1    None
 Passwall                 Tmut/Erth      #####...     1%          2    None
 Stone Arrow              Conj/Erth      #####.       1%          3    None
 Apportation              Tloc           ####..       2%          1    None
 Summon Butterflies       Summ           ###.....     3%          1    None
 Gell's Gravitas          Tloc           ####......   7%          3    None
 Lesser Beckoning         Tloc           ####......   7%          3    None
 Slow                     Hex            ##......     12%         2    None
 Confusing Touch          Hex            ##......     24%         3    None
 Tukima's Dance           Hex            ##......     24%         3    None
 Alistair's Intoxication  Tmut/Pois      ##......     91%         5    None
 Metabolic Englaciation   Hex/Ice        ##........   91%         5    None
 Yara's Violent Unravell  Hex/Tmut       ##........   91%         5    None
 Invisibility             Hex            ##......     100%        6    None


Dungeon Overview and Level Annotations

Branches:
Dungeon (15/15)            Temple (1/1) D:7            Lair (6/6) D:11
  Swamp (1/4) Lair:4        Snake (0/4) Lair:3        Slime (0/5) Lair:6
    Orc (2/2) D:10            Elf (0/3) Orc:2        Vaults (0/5) D:14
 Depths (0/5) D:15

Altars:
Ashenzari
Cheibriados
Dithmenos
Elyvilon
Fedhas
Gozag
Hepliaklqana
Kikubaaqudgha
Makhleb
Nemelex Xobeh
Okawaru
Qazlal
Ru
Sif Muna
Trog
Uskayaw
Vehumet
Wu Jian
Xom
Yredelemnul
Zin
The Shining One

Shops:
D:8 *   D:10 [(

Annotations:
Swamp:1 Aizul
Orc:1 Saint Roka


Innate Abilities, Weirdness & Mutations

You can breathe blasts of fire.
Your fiery red scales are hard. (AC +9)
You cannot fit into any form of body armour.
Your flesh is heat resistant. (rF+)
You are cold-blooded and may be slowed by cold attacks.


Message History

You feel sick.
Aizul hums a lullaby.
Aizul coils herself and waves her upper body at you.
The bolt of poison hits you!!
You are lethally poisoned!
* * * LOW HITPOINT WARNING * * *
You emit a cloud of dark smoke.
There is a staircase back to the Lair, spattered with blood here.
You feel much better.
* * * LOW HITPOINT WARNING * * *
You feel very sick. You block Aizul's attack.
Unknown command.
* * * LOW HITPOINT WARNING * * *
You feel very sick.
The swamp worm is no longer petrified.
Aizul casts a spell at you. The bolt of poison hits you!!
You are more poisoned.
You die...

.≈≈≈♣♣.≈w≈♣
..≈≈.≈≈.≈≈.♣
.........≈≈..♣ ♣≈≈.
........[≈..≈♣♣♣≈..
♣............♣♣.≈≈♣
..≈.....≈≈≈..♣≈≈>♣♣
♣≈..≈..≈≈≈.≈.≈≈≈.♣♣
♣♣.....≈§.≈♣.≈≈≈≈≈♣
♣♣♣...≈.≈S@§≈♣.≈≈≈.♣
♣≈....≈..≈.§.≈≈...♣
♣...≈♣.w♣♣♣.≈♣♣♣♣≈..♣
♣♣.. ♣♣♣≈ ♣♣♣♣ ≈..≈.
.♣ ≈≈≈≈ ♣♣ .§≈ .. .


You could see Aizul and a swamp worm.

Vanquished Creatures
  Rupert (D:13)
  Gastronok (Lair:3)
  Kirke (D:12)
  A frost giant (D:15)
  A fire dragon (Lair:6)
  Fannar (D:10)
  10 hydras
  3 centaur warriors
  7 two-headed ogres
  An alligator (Lair:4)
  3 tengu warriors
  Sonja (D:12)
  A fire crab (Lair:6)
  An unseen horror (D:15)
  2 wizards
  A necromancer (D:14)
  Pikel (D:8)
  2 wolf spider zombies
  2 deep elf magi
  An orc sorcerer (Orc:2)
  9 ugly things
  2 manticores
  3 oklob plants (Lair:4)
  9 elephants
  3 cyclopes
  5 black mambas
  4 molten gargoyles
  13 spiny frogs
  A gargoyle (D:13)
  5 centaur skeletons
  An efreet (D:15)
  A kobold demonologist (D:12)
  14 komodo dragons
  A freezing wraith (D:15)
  A queen bee (D:8)
  A tengu conjurer (D:13)
  6 trolls
  5 hornets
  2 polar bears
  Prince Ribbit (D:6)
  8 blink frogs
  4 hippogriffs
  5 slime creatures
  4 dream sheep
  A meliai zombie (D:14)
  A spriggan (Lair:4)
  2 vampires (D:14)
  3 shadows
  A hog (D:12)
  2 wraiths
  8 wyverns
  6 water elementals
  8 basilisks
  10 vampire mosquitoes
  2 fire bats (Lair:4)
  30 yaks
  2 steam dragons (Lair:6)
  7 hungry ghosts
  A warg (Orc:2)
  3 nagas (Lair:3)
  2 swamp worms (Lair:4)
  5 hell hounds
  4 porcupines
  12 water moccasins
  10 orc warriors
  A slave (D:8)
  3 sky beasts
  3 black bears
  An eye of draining (D:9)
  3 ice beasts
  2 phantoms
  28 wolves (Lair:1)
  12 ogres
  7 centaurs
  11 crocodiles
  3 big kobolds
  19 bullfrogs
  A scorpion (D:11)
  15 killer bees (D:8)
  3 electric eels
  2 wights
  A howler monkey (D:12)
  10 lava snakes
  6 crimson imps
  A centaur zombie (D:8)
  6 bullfrog zombies
  21 jellies
  8 hounds
  10 orc priests
  3 bullfrog skeletons
  2 iguanas
  16 orc wizards
  7 worker ants
  A hound zombie (D:7)
  3 worker ant zombies
  11 adders
  3 howler monkey skeletons
  5 shadow imps
  An adder skeleton (D:2)
  2 dart slugs
  4 leopard geckos
  54 orcs
  A ball python (D:2)
  7 bats
  3 giant cockroaches
  3 goblins
  8 hobgoblins
  5 jackals
  10 kobolds
  A quokka (D:4)
  6 frilled lizards
  A leopard gecko skeleton (D:4)
  A quokka skeleton (D:9)
  A quokka zombie (D:8)
  9 rats
  2 butterflies (Lair:5)
  3 fungi
  4 plants (Lair:4)
624 creatures vanquished.

Vanquished Creatures (collateral kills)
  An unseen horror (D:10)
  An ugly thing (D:12)
  A komodo dragon (D:9)
  2 yaks (D:11)
  2 killer bees (D:8)
  2 wights (D:13)
  A howler monkey (D:9)
  2 orc priests
  An orc wizard (D:3)
  A worker ant (D:9)
  A worm (D:2)
  An orc (D:3)
  A jackal (D:8)
17 creatures vanquished.

Vanquished Creatures (others)
  A centaur warrior (D:15)
  A yaktaur (D:15)
  3 humans (D:12)
  A slave (D:8)
  A wight (D:13)
  An orc (Orc:2)
  9 fungi
  12 plants
29 creatures vanquished.

Grand Total: 670 creatures vanquished

Notes
Turn   | Place    | Note
-------+----------+-------------------------------------------
     0 | D:1      | Hastur the Draconian Wizard began the quest for the Orb.
     0 | D:1      | Reached XP level 1. HP: 14/14 MP: 4/4
   243 | D:1      | Reached skill level 1 in Fighting
   310 | D:1      | Reached XP level 2. HP: 13/23 MP: 0/6
   493 | D:1      | Learned a level 2 spell: Call Imp
   968 | D:2      | Reached XP level 3. HP: 28/29 MP: 0/7
  1596 | D:2      | Found a shadowy altar of Dithmenos.
  1654 | D:2      | Became a worshipper of Dithmenos the Shadowed
  2174 | D:2      | Found an ornate altar of the Wu Jian Council.
  2369 | D:3      | Reached XP level 4. HP: 36/36 MP: 2/8
  2374 | D:3      | Learned a level 3 spell: Mephitic Cloud
  2378 | D:3      | Learned a level 3 spell: Conjure Flame
  3039 | D:3      | Reached skill level 1 in Air Magic
  3324 | D:3      | Reached XP level 5. HP: 42/42 MP: 5/9
  3727 | D:4      | Reached * piety under Dithmenos
  3993 | D:4      | Found an opulent altar of Gozag.
  4786 | D:5      | Entered Level 5 of the Dungeon
  5009 | D:5      | Reached XP level 6. HP: 23/51 MP: 8/10
  5250 | D:5      | Noticed a sky beast
  5271 | D:5      | Killed a sky beast
  5393 | D:5      | Noticed an ice beast
  5404 | D:5      | Killed an ice beast
  5404 | D:5      | Your scales start taking on a fiery red colour.
  5404 | D:5      | Reached XP level 7. HP: 60/60 MP: 6/11
  5404 | D:5      | Gained mutation: Your flesh is heat resistant. (rF+) [Red
                  | Draconian growth]
  5786 | D:5      | Reached skill level 5 in Fighting
  6107 | D:6      | Found a blossoming altar of Fedhas.
  6449 | D:6      | Reached XP level 8. HP: 68/70 MP: 12/12
  6571 | D:6      | Found a basalt altar of Yredelemnul.
  6586 | D:6      | Noticed Prince Ribbit
  6606 | D:6      | Killed Prince Ribbit
  7066 | D:7      | Reached ** piety under Dithmenos
  7066 | D:7      | Reached skill level 5 in Dodging
  7150 | D:7      | Found a staircase to the Ecumenical Temple.
  7164 | Temple   | Entered the Ecumenical Temple
  7397 | D:7      | Learned a level 2 spell: Blink
  7982 | D:7      | Found a snail-covered altar of Cheibriados.
  8400 | D:8      | Noticed a troll
  8418 | D:8      | Killed a troll
  8418 | D:8      | Reached XP level 9. HP: 50/81 MP: 11/13
  8579 | D:8      | Found Imiss's Assorted Antiques.
  8599 | D:8      | Bought a hardcover book for 360 gold pieces
  8798 | D:8      | Reached skill level 1 in Evocations
  9294 | D:8      | Noticed Pikel
  9320 | D:8      | Killed Pikel
  9742 | D:8      | Noticed a queen bee
 10126 | D:8      | Reached *** piety under Dithmenos
 10571 | D:8      | Killed a queen bee
 10734 | D:9      | Reached XP level 10. HP: 86/92 MP: 14/14
 11226 | D:9      | Found a sacrificial altar of Ru.
 11227 | D:9      | Found a burning altar of Makhleb.
 11427 | D:9      | Reached skill level 10 in Fighting
 11427 | D:9      | Reached skill level 5 in Evocations
 11941 | D:10     | Entered Level 10 of the Dungeon
 11941 | D:10     | Noticed a two-headed ogre
 12155 | D:9      | Noticed a cyclops
 12169 | D:9      | Killed a cyclops
 12284 | D:10     | Reached **** piety under Dithmenos
 12338 | D:9      | Killed a two-headed ogre
 12704 | D:10     | Paralysed by a hornet for 2 turns
 12711 | D:10     | Noticed Fannar
 12830 | D:10     | Killed Fannar
 12830 | D:10     | Reached XP level 11. HP: 65/103 MP: 15/15
 13176 | D:10     | Found Ynongu's Armour Shop.
 13178 | D:10     | Found a staircase to the Orcish Mines.
 13179 | D:10     | Found Rieveyne's Weapon Shop.
 13219 | D:10     | Noticed a two-headed ogre
 13579 | D:10     | Killed a two-headed ogre
 13720 | D:10     | Killed an unseen horror
 14168 | D:11     | Found a staircase to the Lair.
 14256 | D:10     | Paralysed by a hornet for 2 turns
 14264 | D:10     | Reached skill level 10 in Dodging
 14848 | D:11     | Noticed a red ugly thing
 15160 | D:10     | Killed a brown ugly thing
 16803 | Lair:1   | Entered Level 1 of the Lair of Beasts
 16804 | Lair:1   | Noticed a five-headed hydra
 16863 | D:12     | Learned a level 5 spell: Lee's Rapid Deconstruction
 16946 | D:12     | Reached skill level 1 in Earth Magic
 16982 | D:12     | Reached ***** piety under Dithmenos
 16999 | D:12     | Noticed a two-headed ogre
 17317 | D:12     | Noticed a red ugly thing
 17339 | D:12     | Killed a red ugly thing
 17429 | D:12     | Noticed Kirke
 17466 | D:12     | Noticed a lindwurm
 17620 | D:12     | Noticed Sonja
 17626 | D:12     | Killed Sonja
 17702 | D:12     | Noticed a lindwurm
 17707 | D:12     | Killed Kirke
 17707 | D:12     | Reached skill level 5 in Earth Magic
 17707 | D:12     | Reached XP level 12. HP: 53/112 MP: 16/16
 18461 | D:11     | Killed a two-headed ogre
 19224 | D:13     | Noticed a tengu warrior
 19255 | D:13     | Noticed a two-headed ogre
 19257 | D:13     | Noticed a centaur warrior
 19261 | D:13     | Killed a tengu warrior
 20166 | D:13     | Noticed a two-headed ogre
 20500 | D:12     | Killed a two-headed ogre
 20771 | D:12     | Killed a two-headed ogre
 21163 | D:13     | Noticed Rupert
 21205 | D:13     | HP: 4/112 [Rupert/+2 executioner's axe of distortion (7)]
 21207 | D:13     | Killed Rupert
 21216 | D:13     | Reached skill level 10 in Earth Magic
 21774 | D:13     | Killed a centaur warrior
 22538 | D:13     | Noticed a centaur warrior
 22563 | D:12     | Killed a centaur warrior
 23413 | D:13     | Reached XP level 13. HP: 80/118 MP: 17/17
 25106 | Lair:1   | Reached skill level 5 in Spellcasting
 26193 | Lair:2   | Reached skill level 1 in Shields
 26904 | Lair:3   | Found a staircase to the Snake Pit.
 26963 | Lair:3   | Noticed Gastronok
 26976 | Lair:3   | Killed Gastronok
 27720 | Lair:3   | Identified a scroll of acquirement
 27724 | Lair:3   | Identified the +0 pair of boots of Shadows and Fog {rElec
                  | Str-3 Stlth+} (You acquired it on level 3 of the Lair of
                  | Beasts)
 28209 | Lair:4   | Learned a level 4 spell: Petrify
 28645 | Lair:4   | Found a staircase to the Swamp.
 29124 | Lair:4   | Reached skill level 5 in Shields
 30855 | Lair:5   | Reached XP level 14. HP: 126/126 MP: 26/26
 31444 | Lair:6   | Entered Level 6 of the Lair of Beasts
 31457 | Lair:5   | Reached ****** piety under Dithmenos
 33985 | Lair:6   | Identified Defiq's Incunabulum of Igneous Confrontation
                  | (You acquired it on level 6 of the Lair of Beasts)
 34220 | Lair:6   | Found a staircase to the Slime Pits.
 34907 | Lair:6   | Found a large runed translucent door.
 34908 | Lair:6   | Found a large runed translucent door.
 35017 | Lair:6   | Found the +8 orange crystal plate armour {Archmagi, Int+3
                  | Clar}
 35814 | D:14     | Reached skill level 10 in Spellcasting
 36960 | D:14     | Reached skill level 10 in Shields
 37354 | D:14     | Paralysed by a wizard for 2 turns
 37667 | D:14     | Found a gate to the Vaults.
 38003 | D:15     | Entered Level 15 of the Dungeon
 39469 | D:15     | Reached XP level 15. HP: 119/132 MP: 20/29
 39854 | D:15     | Found a staircase to the Depths.
 39854 | D:15     | Noticed a frost giant
 39861 | D:15     | Killed a frost giant
 40121 | Orc:1    | Entered Level 1 of the Orcish Mines
 40224 | Orc:2    | Entered Level 2 of the Orcish Mines
 40224 | Orc:2    | Found a staircase to the Elven Halls.
 40606 | Orc:2    | Noticed Saint Roka
 40782 | Orc:2    | HP: 1/132 [Saint Roka/+4 great sword (34)]
 41253 | Swamp:1  | Entered Level 1 of the Swamp
 41253 | Swamp:1  | Noticed Aizul
 42335 | Swamp:1  | Killed from afar by Aizul

Levels and vault maps discovered:
D:1:      lightli_arrival_lavapool, layout_basic
D:2:      layout_loops_ring, old_standard_altar, lemuel_round_altar
D:3:      layout_rooms
D:4:      layout_layer_cave, grunt_gozag_breadcrumbs
D:5:      layout_loops_ring, first_ration, minmay_fountain_box
D:6:      layout_basic, yredelemnul_altar_generic, fedhas_altar_3,
          uniq_prince_ribbit1
D:7:      layout_loops_ring, cheibriados_altar_1, minmay_temple_entry_ruins
D:8:      layout_loops_ring, serial_shops, shop, david_nohive_1, uniq_pikel
D:9:      layout_basic, gammafunk_temple_overflow_statue, minmay_diced_spiral
D:10:     layout_gridville, orc_david_3, uniq_fannar
D:11:     layout_gridville, david_lair_shrubbed
D:12:     layout_basic, uniq_sonja, uniq_kirke
D:13:     layout_loops_ring, uniq_rupert
D:14:     layout_cave_pools, david_vaults_1, kennysheep_big_empty_room
D:15:     grunt_enter_depths_snipers, layout_rooms, chequers_big_river
Temple:   minmay_temple_curvy_branch
Lair:1:   layout_chaotic_city, gauntlet_entry_generic,
          grunt_forest_large_clearings, infiniplex_staircase_pool_2,
          grunt_megastairs_4, serial_bayou_shore_a
Lair:2:   layout_loops_ring
Lair:3:   cheibrodos_magma_flow, layout_big_grid,
          minmay_snake_entry_guardpost_small, grunt_megastairs_1, uniq_gastronok
Lair:4:   dpeg_oklob_gauntlet, layout_gridlike, swamp_mist, lookout_lair_type
Lair:5:   layout_roguey, minivault_26, lemuel_fruit_fields
Lair:6:   cheibrodos_lair_end_hotspot, layout_regular_city,
          minmay_slime_entry_jelly_boxes
Swamp:1:  layout_basic_swamp, nicolae_swamp_very_dense_foliage, uniq_aizul
Orc:1:    layout_caves, basic_altar
Orc:2:    st_orc_pillars, layout_caves, uniq_maurice, uniq_saint_roka

Skill      XL: |  1  2  3  4  5  6  7  8  9 10 11 12 13 14 15 |
---------------+----------------------------------------------+-----
Fighting       | 1 2 3 4 6 8 9 11 12 | 12.0
Conjurations   | 2 3 4 |  4.0
Summonings     | 2 |  2.3
Air Magic      | 1 2 3 |  3.1
Dodging        | 2 4 6 7 9 12 | 12.0
Translocations | 3 |  3.1
Evocations     | 4 5 |  5.0
Earth Magic    | 5 11 12 | 12.0
Spellcasting   | 8 10 | 10.0
Shields        | 6 11 12 | 12.3
Stealth        | |  1.7

Action                   |  1- 3 |  4- 6 |  7- 9 | 10-12 | 13-15 || total
-------------------------+-------+-------+-------+-------+-------++-------
Melee: Unarmed           |    20 |     2 |       |       |       ||    22
       Dagger            |       |    95 |   302 |   940 |   320 ||  1657
       Tailslap          |       |    15 |    24 |   140 |    36 ||   215
       Trident           |       |       |       |     6 |       ||     6
       Staff             |       |       |       |       |    21 ||    21
Throw: Stone             |       |    28 |       |       |       ||    28
       Dart              |       |       |       |    10 |       ||    10
 Cast: Magic Dart        |   106 |    79 |    72 |    83 |   844 ||  1184
       Call Imp          |     1 |     6 |     8 |    90 |     1 ||   106
       Mephitic Cloud    |       |     9 |    30 |    68 |     2 ||   109
       Conjure Flame     |       |       |       |    15 |     4 ||    19
       Lee's Rapid Decon |       |       |       |     2 |   218 ||   220
       Petrify           |       |       |       |       |    18 ||    18
Evoke: Wand              |       |       |     3 |    18 |     7 ||    28
       Box of beasts     |       |       |       |     1 |       ||     1
       Staff of energy   |       |       |       |       |     1 ||     1
  Use: Scroll            |       |       |    10 |    13 |    14 ||    37
       Potion            |       |       |       |     3 |     4 ||     7
 Stab: Confused          |       |     5 |     4 |    26 |     1 ||    36
       Distracted        |       |     2 |       |     3 |       ||     5
       Sleeping          |       |       |     5 |     4 |       ||     9
       Paralysed         |       |       |     5 |    13 |       ||    18
  Eat: Chunk             |     3 |     4 |    12 |    36 |    53 ||   108
       Ration            |       |     2 |     3 |     8 |    11 ||    24
Armor: Skin              |    12 |    24 |    48 |   231 |   148 ||   463
Dodge: Dodged            |    38 |    63 |   250 |   938 |   763 ||  2052
Block: Other             |       |       |       |       |    51 ||    51
       Reflection        |       |       |       |       |    17 ||    17
       Kite shield       |       |       |       |       |   184 ||   184

Table legend:
 A = Non-vault XP
 B = Vault XP
 C = Vault XP percentage of total XP
 D = Non-vault monster count
 E = Vault monster count
 F = Vault count percentage of total count
                 A         B        C        D         E       F
            +---------+---------+-------+---------+---------+-------
      Total |   80909 |   31631 |  28.1 |     498 |     135 |  21.3
            +---------+---------+-------+---------+---------+-------
        D:1 |      44 |       0 |   0.0 |      19 |       0 |   0.0
        D:2 |      47 |       0 |   0.0 |      13 |       0 |   0.0
        D:3 |     120 |       0 |   0.0 |      22 |       0 |   0.0
        D:4 |      19 |       0 |   0.0 |       8 |       0 |   0.0
        D:5 |     712 |       0 |   0.0 |      24 |       0 |   0.0
        D:6 |     596 |     277 |  31.7 |      12 |       1 |   7.7
        D:7 |     872 |       0 |   0.0 |      19 |       0 |   0.0
        D:8 |     878 |    1886 |  68.2 |      19 |      19 |  50.0
        D:9 |    3940 |     501 |  11.3 |      35 |       7 |  16.7
       D:10 |    4211 |    1010 |  19.3 |      24 |       2 |   7.7
       D:11 |    5513 |    1533 |  21.8 |      35 |       3 |   7.9
       D:12 |    7110 |    2868 |  28.7 |      48 |       3 |   5.9
       D:13 |    9042 |    2508 |  21.7 |      37 |       1 |   2.6
       D:14 |    8360 |    1960 |  19.0 |      27 |       4 |  12.9
       D:15 |    6980 |    2769 |  28.4 |      28 |       3 |   9.7
     Lair:1 |    1310 |    3277 |  71.4 |       7 |      28 |  80.0
     Lair:2 |    3575 |       0 |   0.0 |      15 |       0 |   0.0
     Lair:3 |    2439 |    3504 |  59.0 |      12 |      11 |  47.8
     Lair:4 |   10180 |    1642 |  13.9 |      34 |       3 |   8.1
     Lair:5 |    4484 |     964 |  17.7 |      17 |       5 |  22.7
     Lair:6 |    9727 |    5885 |  37.7 |      25 |      37 |  59.7
      Orc:1 |      65 |     211 |  76.4 |       2 |       1 |  33.3
      Orc:2 |     685 |     836 |  55.0 |      16 |       7 |  30.4
            +---------+---------+-------+---------+---------+-------
